[Event "AUT-ch U18-Open 2025"]
[Site "Fuerstenfeld"]
[Date "2025.04.15"]
[Round "5.1"]
[White "Gruenwald, Simon"]
[Black "Balint, Peter"]
[Result "1/2-1/2"]
[Annotator "RC"]
[ECO "B90"]
[WhiteElo "2101"]
[BlackElo "2366"]
[PlyCount "81"]
[EventDate "2025.04.12"]
[EventType "swiss"]
[EventCountry "AUT"]
[SourceTitle "playchess.com"]
[Source "ChessBase"]
[SourceQuality "1"]
[TimeControl "5400+30"]

1. e4 c5 2. Nf3 d6 3. d4 cxd4 4. Nxd4 Nf6 5. Nc3 a6 6. Rg1 h5 7. h3 h4 8. Bg5 Nc6 9. Qd2 Qb6 10. Nb3 e6 11. O-O-O Be7 12. Bd3 Bd7 13. Rge1 Qc7 14. f4 O-O-O 15. Qe2 Be8 16. e5 dxe5 17. fxe5 Nd5 18. Bd2 Ncb4 19. Nxd5 Nxd3+ 20. Qxd3 Rxd5 21. Qc3 Qxc3 22. Bxc3 Rxd1+ 23. Kxd1 Bc6 24. Re2 Rh5 25. Be1 Bd5 26. c4 Bxc4 27. Rc2 b5 28. Nd2 Kb7 29. Nxc4 bxc4 30. Rxc4 Rxe5 31. Bxh4 Rd5+ 32. Ke2 g5 33. Bg3 Bd8 34. h4 gxh4 35. Bxh4 Bxh4 36. Rxh4 Rb5 37. b4 Rg5 38. Kf3 Kc6 39. a4 Kd5 40. Rf4 f5 41. g4 1/2-1/2

[Event "AUT-ch U18-Open 2025"]
[Site "Fuerstenfeld"]
[Date "2025.04.15"]
[Round "5.2"]
[White "Leitgeb, Julian"]
[Black "Gold, Theodor"]
[Result "1/2-1/2"]
[Annotator "RC"]
[ECO "B36"]
[WhiteElo "2313"]
[BlackElo "2066"]
[PlyCount "64"]
[EventDate "2025.04.12"]
[EventType "swiss"]
[EventCountry "AUT"]
[SourceTitle "playchess.com"]
[Source "ChessBase"]
[SourceQuality "1"]
[TimeControl "5400+30"]

1. e4 c5 2. Nf3 Nc6 3. d4 cxd4 4. Nxd4 g6 5. c4 Nf6 6. Nc3 d6 7. Be2 Nxd4 8. Qxd4 Bg7 9. Be3 O-O 10. Qd3 a5 11. O-O a4 12. Bd4 Qa5 13. Rad1 Be6 14. f4 Bg4 15. Bxf6 Bxe2 16. Qxe2 Bxf6 17. Nd5 Qc5+ 18. Kh1 Rfe8 19. Nxf6+ exf6 20. Rd5 Qc6 21. f5 g5 22. Rfd1 Kg7 23. R1d4 Qc7 24. h4 h6 25. Qd3 Ra6 26. Kh2 Ra5 27. Rxd6 Ra6 28. Qg3 Rxd6 29. Qxd6 Qxd6+ 30. Rxd6 Rxe4 31. hxg5 fxg5 32. b3 Re2 1/2-1/2

[Event "AUT-ch U18-Open 2025"]
[Site "Fuerstenfeld"]
[Date "2025.04.15"]
[Round "5.3"]
[White "Wendl, Philipp"]
[Black "Jetzl, Julian"]
[Result "1-0"]
[Annotator "RC"]
[ECO "D70"]
[WhiteElo "2268"]
[BlackElo "2146"]
[PlyCount "67"]
[EventDate "2025.04.12"]
[EventType "swiss"]
[EventCountry "AUT"]
[SourceTitle "playchess.com"]
[Source "ChessBase"]
[SourceQuality "1"]
[TimeControl "5400+30"]

1. d4 Nf6 2. c4 g6 3. f3 d5 4. cxd5 Nxd5 5. e4 Nb6 6. Nc3 Bg7 7. Be3 O-O 8. Qd2 Nc6 9. O-O-O Qd6 10. Nb5 Qd7 11. Bh6 a6 12. Bxg7 Kxg7 13. Nc3 Rd8 14. d5 Qe8 15. h4 h6 16. h5 g5 17. f4 f6 18. fxg5 hxg5 19. Nf3 Kh6 20. Qf2 Ne5 21. Nxe5 fxe5 22. Be2 Rd6 23. Rhf1 Rf6 24. Qc5 Qd8 25. d6 Rxf1 26. dxe7 Rxd1+ 27. Bxd1 Qe8 28. Qxe5 Bd7 29. Qf6+ Kh7 30. e5 Ba4 31. Nxa4 Nxa4 32. Bc2+ Kg8 33. Qxg5+ Kh8 34. Qh6+ 1-0

[Event "AUT-ch U18-Open 2025"]
[Site "Fuerstenfeld"]
[Date "2025.04.15"]
[Round "5.4"]
[White "Gschiel, Alexander"]
[Black "Mangeng, Lukas"]
[Result "1-0"]
[Annotator "RC"]
[ECO "D43"]
[WhiteElo "2317"]
[BlackElo "1688"]
[PlyCount "71"]
[EventDate "2025.04.12"]
[EventType "swiss"]
[EventCountry "AUT"]
[SourceTitle "playchess.com"]
[Source "ChessBase"]
[SourceQuality "1"]
[TimeControl "5400+30"]

1. d4 d5 2. Nf3 Nf6 3. c4 c6 4. Nc3 e6 5. Qd3 b6 6. e4 Ba6 7. Qc2 dxc4 8. Be2 Be7 9. O-O O-O 10. Rd1 Qc7 11. Bg5 Rd8 12. a3 b5 13. b3 cxb3 14. Qxb3 Bb7 15. Rac1 Qa5 16. e5 Qxa3 17. Qxa3 Bxa3 18. exf6 Bxc1 19. Rxc1 Nd7 20. fxg7 f6 21. Bh6 a5 22. Ne4 Ra7 23. Nd6 Ba8 24. Bxb5 cxb5 25. Rc8 Rxc8 26. Nxc8 Nb6 27. Nxa7 b4 28. Nd2 a4 29. Nb5 Nd5 30. Kf1 b3 31. Ke2 Bb7 32. Na3 Ba6+ 33. Kd1 Nc3+ 34. Kc1 Ne2+ 35. Kb2 Nxd4 36. Ne4 1-0

[Event "AUT-ch U18-Open 2025"]
[Site "Fuerstenfeld"]
[Date "2025.04.15"]
[Round "5.5"]
[White "Loretz, Jonas"]
[Black "Maier, Tobias"]
[Result "1/2-1/2"]
[Annotator "NA RC"]
[ECO "C74"]
[WhiteElo "1869"]
[BlackElo "1915"]
[PlyCount "62"]
[EventDate "2025.04.12"]
[EventType "swiss"]
[EventCountry "AUT"]
[SourceTitle "playchess.com"]
[Source "ChessBase"]
[SourceQuality "1"]
[TimeControl "5400+30"]

1. e4 e5 2. Nf3 Nc6 3. Bb5 a6 4. Ba4 d6 5. c3 f5 6. d3 fxe4 7. dxe4 Bg4 8. Qd3 Nf6 9. Nbd2 Qd7 10. h3 Be6 11. Nf1 Be7 12. Ng3 O-O-O 13. Be3 Kb8 14. Ng5 d5 15. Nxe6 Qxe6 16. Bb3 Na5 17. exd5 Nxd5 18. Qf5 Qxf5 19. Nxf5 Nxb3 20. axb3 Bf6 21. Bc1 Rd7 22. g3 Rhd8 23. Ke2 g6 24. Ne3 Nb6 25. Ng4 Bg7 26. Bg5 Rf8 27. Rad1 Rdf7 28. Rhf1 Kc8 29. Be3 Nd7 30. Nh6 Bxh6 31. Bxh6 Re8 1/2-1/2

[Event "AUT-ch U18-Open 2025"]
[Site "Fuerstenfeld"]
[Date "2025.04.15"]
[Round "5.6"]
[White "Zaytsev, Alexander"]
[Black "Pedevilla, Luis"]
[Result "1-0"]
[Annotator "RC"]
[ECO "B08"]
[WhiteElo "2178"]
[BlackElo "1925"]
[PlyCount "201"]
[EventDate "2025.04.12"]
[EventType "swiss"]
[EventCountry "AUT"]
[SourceTitle "playchess.com"]
[Source "ChessBase"]
[SourceQuality "1"]
[TimeControl "5400+30"]

1. e4 d6 2. d4 Nf6 3. Nc3 g6 4. Nf3 Bg7 5. Be2 O-O 6. O-O Nc6 7. h3 e5 8. Bg5 exd4 9. Nxd4 Nxd4 10. Qxd4 Nxe4 11. Bxd8 Bxd4 12. Bxc7 Nxc3 13. bxc3 Bxc3 14. Rad1 Bb4 15. Bf3 Bf5 16. Bxb7 Rae8 17. Bxd6 Bxd6 18. Rxd6 Bxc2 19. Rc1 Rb8 20. Bd5 Rfd8 21. Rxd8+ Rxd8 22. Bxf7+ Kxf7 23. Rxc2 Rd7 24. Kh2 Kf6 25. h4 h5 26. f3 Rd5 27. Rc6+ Kf5 28. Ra6 Rd7 29. Kg3 Rc7 30. Ra5+ Kf6 31. Rb5 Ke6 32. Kh3 Kf6 33. a4 Rc6 34. a5 Ke6 35. g4 hxg4+ 36. Kxg4 Kf6 37. f4 Ra6 38. h5 gxh5+ 39. Rxh5 Kg7 40. Rc5 Kf6 41. Rf5+ Kg6 42. Rg5+ Kf6 43. Rb5 Kg6 44. Rc5 Kf6 45. Kf3 Re6 46. Rb5 Rc6 47. Rb7 Ra6 48. Rb5 Re6 49. Rd5 Re7 50. Rd6+ Kf5 51. a6 Rc7 52. Rd5+ Ke6 53. Rh5 Kf6 54. Kg4 Rg7+ 55. Rg5 Rc7 56. Rb5 Rc6 57. Rh5 Kg6 58. Ra5 Kf6 59. Kf3 Re6 60. Rh5 Kg7 61. Ra5 Kf6 62. Kg3 Rc6 63. Kg4 Rb6 64. Kf3 Re6 65. f5 Rc6 66. Ke4 Rd6 67. Ra3 Rb6 68. Rh3 Kg7 69. Rg3+ Kf7 70. Ra3 Kf6 71. Ra4 Rd6 72. Ra5 Rd7 73. Rb5 Rd6 74. Ra5 Rd7 75. Ra2 Rd6 76. Rg2 Kf7 77. Ra2 Kf6 78. Ra1 Rb6 79. Rh1 Kg7 80. Ke5 Rxa6 81. Rc1 Ra5+ 82. Ke6 Rb5 83. Rc7+ Kg8 84. Rc8+ Kh7 85. Rc7+ Kg8 86. f6 Rb8 87. Rxa7 Re8+ 88. Re7 Rf8 89. Rg7+ Kh8 90. Rg4 Kh7 91. Rh4+ Kg6 92. Rg4+ Kh7 93. Rg7+ Kh8 94. Rd7 Kg8 95. Re7 Ra8 96. Rb7 Rf8 97. Kf5 Rc8 98. Kg6 Rf8 99. f7+ Kh8 100. Rb5 Rxf7 101. Kxf7 1-0

[Event "AUT-ch U18-Open 2025"]
[Site "Fuerstenfeld"]
[Date "2025.04.15"]
[Round "5.7"]
[White "Fitz, Jonathan David"]
[Black "Hake, Nils"]
[Result "1/2-1/2"]
[Annotator "NA RC"]
[ECO "E11"]
[WhiteElo "1918"]
[BlackElo "2054"]
[PlyCount "61"]
[EventDate "2025.04.12"]
[EventType "swiss"]
[EventCountry "AUT"]
[SourceTitle "playchess.com"]
[Source "ChessBase"]
[SourceQuality "1"]
[TimeControl "5400+30"]

1. d4 Nf6 2. c4 e6 3. Nf3 d5 4. g3 Bb4+ 5. Bd2 a5 6. a3 Be7 7. Bg2 O-O 8. Qc2 c6 9. O-O b6 10. Bf4 Bb7 11. Nbd2 Nbd7 12. e4 dxc4 13. Nxc4 c5 14. Rfe1 cxd4 15. Nxd4 Rc8 16. Nb5 Ba6 17. a4 e5 18. Bd2 Bc5 19. Bh3 Qe7 20. Bg5 Rfd8 21. Rad1 Bxb5 22. axb5 Bd4 23. b3 h6 24. Be3 Qc5 25. Qb1 Rb8 26. Bxd4 exd4 27. e5 Nd5 28. e6 fxe6 29. Bxe6+ Kh8 30. Bxd7 Rxd7 31. Ne5 1/2-1/2

[Event "AUT-ch U18-Open 2025"]
[Site "Fuerstenfeld"]
[Date "2025.04.15"]
[Round "5.8"]
[White "Daemon, Clemens"]
[Black "Hengl, Philip"]
[Result "1/2-1/2"]
[Annotator "RC"]
[ECO "C00"]
[WhiteElo "1965"]
[BlackElo "2205"]
[PlyCount "85"]
[EventDate "2025.04.12"]
[EventType "swiss"]
[EventCountry "AUT"]
[SourceTitle "playchess.com"]
[Source "ChessBase"]
[SourceQuality "1"]
[TimeControl "5400+30"]

1. e4 e6 2. b3 d5 3. Bb2 Nc6 4. e5 Bd7 5. d4 Nge7 6. Nf3 Nf5 7. c3 Be7 8. Bd3 h5 9. Nbd2 g5 10. h3 Rg8 11. g4 hxg4 12. hxg4 Nh4 13. Nxh4 gxh4 14. f4 Bf8 15. g5 Ne7 16. Rxh4 Ng6 17. Bxg6 fxg6 18. Nf3 Qe7 19. Nh2 O-O-O 20. Ng4 Bg7 21. Qf3 Rh8 22. Rxh8 Rxh8 23. O-O-O Be8 24. Rh1 Qf8 25. Nf6 Bf7 26. Kb1 Bxf6 27. gxf6 Rh6 28. Bc1 Qh8 29. Rxh6 Qxh6 30. f5 Qh5 31. Qxh5 gxh5 32. fxe6 Bxe6 33. Kc2 Kd7 34. Kd3 h4 35. Bf4 c6 36. a3 Bf5+ 37. Ke3 Ke6 38. Kf3 Bc2 39. b4 Bd1+ 40. Kg2 Bg4 41. Bg5 h3+ 42. Kg3 Kf7 43. Bf4 1/2-1/2